AoeStats
← LMG_Leonardo

African Clearing

510420175Analyzed
2v2 RM · 14h ago on Sep 30, 2026· 30m 33s· 4 players
Game mode
Random Map
Map size
Medium (4 player)
Population
200
Speed
Normal
Resources
Standard
Victory
Conquest
Starting age
Dark Age
Ending age
Imperial Age
RankedLock teamsTeams togetherTeam positionsShared explorationLock speedFull tech treeHidden civsTurbo modeCheats
Victory
Defeat
🇺🇸 Varangians · United States
1381
+16
🇨🇴 Huns · Colombia
1342
+18
🇮🇳 Mongols · India
1394
-17
🇨🇴 Malians · Colombia
1375
-17
LMG_Leonardo
7:52 Loom
10:40 Feudal Age
11:37 Double-Bit Axe
14:32 Bloodlines
19:50 Scale Barding Armor
23:20 Castle Age
22:55 Forging
24:27 Chain Barding Armor
23:30 Light Cavalry
24:11 Husbandry
LMG_HERA DE TEMU
5:16 Loom
11:59 Feudal Age
12:32 Double-Bit Axe
21:27 Castle Age
20:10 Fletching
21:25 Bloodlines
21:17 Padded Archer Armor
22:13 Husbandry
22:32 Bodkin Arrow
22:39 Gold Mining
22:59 Town Watch
24:38 Leather Archer Armor
30:05 Horse Collar
NevetsCas
9:28 Loom
12:14 Feudal Age
12:22 Man-at-Arms
14:01 Double-Bit Axe
24:35 Castle Age
25:51 Fletching
26:14 Forging
25:59 Fletching
31:13 Wheelbarrow
30:24 Town Watch
nizam.lko
12:37 Feudal Age
11:08 Loom
16:24 Castle Age
16:01 Double-Bit Axe
17:16 Town Watch
17:44 Bow Saw
19:25 Horse Collar
23:58 Fletching
28:37 Ballistics
30:12 Padded Archer Armor
Connection lost

Rejoining the realm…

Still unreachable

The connection could not be restored.

Session expired

The server has moved on; the page needs a fresh start.